 Dungeon Crawl Stone Soup version 0.27.1-33-g824d729ab1 (webtiles) character file.

Game seed: 10558776781093974589

166 SensoryNuts the Chopper (level 5, -1/46 HPs)
             Began as a Draconian Monk on Dec 6, 2021.
             Killed from afar by an orc wizard (5 damage)
             ... with a magic dart
             ... on level 3 of the Dungeon.
             The game lasted 00:04:30 (2712 turns).

SensoryNuts the Chopper (Draconian Monk)            Turns: 2712, Time: 00:04:31

Health: -1/46      AC:  5    Str: 10 (12) XL:     5   Next: 22%
Magic:  5/5        EV: 13    Int:  8 (11) God:
Gold:   43         SH:  0    Dex: 12 (13) Spells: 4/4 levels left

rFire    . . .     SeeInvis .   e - +0 war axe
rCold    . . .     Faith    .   (no shield)
rNeg     . . .     Spirit   .   (armour unavailable)
rPois    .         Reflect  .   (helmet restricted)
rElec    .         Harm     .   (no cloak)
rCorr    .         Rampage  .   (no gloves)
Will     .....                  (no boots)
Stlth    ++........             (no amulet)
HPRegen  0.15/turn              (no ring)
MPRegen  0.09/turn              (no ring)

@: lethally poisoned (-1 -> -16)
A: AC +5, unfitting armour, cold-blooded, weak 1, wild magic 1
a: no special abilities


You were on level 3 of the Dungeon.
You visited 1 branch of the dungeon, and saw 3 of its levels.

You collected 43 gold pieces.

Inventory:

Hand Weapons
 a - a +0 hand axe
 e - a +0 war axe (weapon)
 g - a +0 falchion
 j - a +0 hand axe
 k - a +0 dagger
 l - a +0 flail
 m - a +0 club
 n - a +0 whip
 p - a +0 dagger
Armour
 o - a +0 ring mail
Magical Staves
 f - a staff of earth
Jewellery
 b - a ring of wizardry
 q - a ring of willpower
Scrolls
 c - 2 scrolls of immolation {unknown}
 d - a scroll of noise {unknown}
 h - a scroll of identify {unknown}
 i - a scroll of teleportation {unknown}


   Skills:
 + Level 4.1 Fighting
 + Level 4.6 Axes
 + Level 3.4 Dodging
 + Level 2.4 Stealth


You had 4 spell levels left.
You didn't know any spells.
Your spell library contained the following spells:

 Spells                   Type           Power      Damage    Failure   Level
 Static Discharge         Conj/Air       0%         N/A       63%         2
 Lightning Bolt           Conj/Air       0%         1d11      100%        5
 Maxwell's Capacitive Co  Air            0%         ∞         100%        8


Dungeon Overview and Level Annotations

Branches:
Dungeon (3/15)

Altars:
The Shining One


Innate Abilities, Weirdness & Mutations

Your plain brown scales are hard. (AC +5)
You cannot fit into any form of body armour.
You are cold-blooded and may be slowed by cold attacks.
You are weak. (Str -2)
Your spells are a little harder to cast, but a little more powerful.


Message History

An orc comes into view. It is wielding a +0 hand axe.
An orc comes into view. It is wielding a +0 short sword.
The kobold hits you with a +0 club.
The orc wizard hits you with a +0 dagger.
You barely miss the kobold. You barely miss the orc wizard.
The orc shouts!
The orc wizard misses you. The kobold completely misses you.
You hit the kobold.
You kill the kobold!
You hit the orc wizard. The orc wizard closely misses you.
A puff of flame appears from out of thin air!
The puff of flame hits you.
The orc wizard hits you with a +0 dagger.
Things that are here:
a +0 club; a kobold corpse The rat barely misses you.
You slash the rat!
You kill the rat!
You hit the orc wizard. The orc wizard barely misses you.
The orc wizard casts a spell at you. The magic dart hits you!
You closely miss the orc. You miss something. You closely miss the orc wizard.
Something hits you.
You are poisoned.
The orc hits you but does no damage.
The orc wizard hits you but does no damage.
Something hits you.
You are lethally poisoned!
You barely miss the orc wizard. You tail-slap the orc wizard.
The orc wizard is severely wounded.
You barely miss the orc. You hit something but do no damage.
* * * LOW HITPOINT WARNING * * *
You feel very sick. The orc hits you with a +0 short sword.
* * * LOW HITPOINT WARNING * * *
The orc wizard hits you but does no damage.
You hear some strange, mumbled words.
A magic dart appears from out of thin air!
The magic dart hits you.
You die...

#....#.###..#
..#..#.#...# #.# .#
........†### #.# .##
.#.......#######.##..#..
...#.....#.....#.....#..
..##...#......>.........
.≈≈≈≈..#................
.#≈##≈.#................
##≈8#≈.#..†.....@o......
≈ #≈##.......oo{......
.≈ #≈##................
#................
##...............
##.....#...?.#..
############# .


You could see an orc wizard and 2 orcs.

Vanquished Creatures
  2 orc priests (D:3)
  Natasha (twice) (D:2)
  A dart slug (D:1)
  3 orcs (D:3)
  5 endoplasms
  2 giant cockroaches
  2 goblins (D:3)
  5 hobgoblins
  2 jackals (D:1)
  5 quokkas
  5 ball pythons
  5 bats
  3 frilled lizards
  8 kobolds
  4 rats
54 creatures vanquished.

Vanquished Creatures (others)
  15 plants (D:1)
15 creatures vanquished.

Grand Total: 69 creatures vanquished

Notes
Turn   | Place    | Note
-------+----------+-------------------------------------------
     0 | D:1      | SensoryNuts the Draconian Monk began the quest for the Orb.
     0 | D:1      | Reached XP level 1. HP: 19/19 MP: 1/1
   205 | D:1      | Reached XP level 2. HP: 26/26 MP: 2/2
  1155 | D:1      | Reached XP level 3. HP: 32/33 MP: 3/3
  1471 | D:2      | Found a glowing golden altar of the Shining One.
  2108 | D:2      | Noticed Natasha
  2112 | D:2      | Killed Natasha
  2337 | D:2      | Noticed Natasha
  2368 | D:2      | Killed Natasha
  2369 | D:2      | Reached XP level 4. HP: 27/40 MP: 4/4
  2418 | D:3      | Gained mutation: Your spells are a little harder to cast,
                  | but a little more powerful. [potion of mutation]
  2418 | D:3      | Gained mutation: You are weak. (Str -2) [potion of
                  | mutation]
  2424 | D:3      | Reached XP level 5. HP: 20/46 MP: 5/5
  2712 | D:3      | Killed from afar by an orc wizard

Illustrated notes

Levels and vault maps discovered:
D:1:      saegor_arrival_simple_d, layout_basic, minivault_11,
          wad_woods_river_04
D:2:      layout_loops_corners, basic_altar, uniq_natasha
D:3:      layout_rooms, dreamdust_ecumenical_altar_drowned_temple,
          uniq_crazy_yiuf_cottage

Skill      XL: |  1  2  3  4 |
---------------+-------------+-----
Dodging        | 3 |  3.4
Stealth        | 2 |  2.4
Axes           | 4 |  4.6
Fighting       | 4 |  4.1

Action                   |  1- 3 |  4- 6 || total
-------------------------+-------+-------++-------
Melee: Hand axe          |   120 |       ||   120
       Tailslap          |    21 |     2 ||    23
       War axe           |    24 |    38 ||    62
  Use: Potion            |       |     4 ||     4
 Stab: Sleeping          |     4 |       ||     4
Armor: Skin              |    35 |    25 ||    60
Dodge: Dodged            |    84 |    44 ||   128
